 Dungeon Crawl Stone Soup version 0.23-a0-607-g760965b (webtiles) character file.

499 Leeroy the Charmwright (level 7, 0/84 HPs)
             Began as a Gnoll Skald on Dec 20, 2018.
             Killed by divine providence
             ... invoked by an orc priest
              (9 damage)
             ... on level 4 of the Dungeon.
             The game lasted 00:11:04 (4140 turns).

Leeroy the Charmwright (Gnoll Skald)                Turns: 4140, Time: 00:11:05

Health: 0/84       AC: 23    Str: 13    XL:     7   Next: 16%
Magic:  11/15      EV:  2    Int: 17    God:
Gold:   156        SH:  0    Dex: 13    Spells: 6/17 levels left

rFire    . . .     SeeInvis .   a - +0 falchion
rCold    . . .     Gourm    .   (no shield)
rNeg     + + +     Faith    .   (armour currently unavailable)
rPois    +         Spirit   .   (helmet currently unavailable)
rElec    .         Reflect  .   (cloak currently unavailable)
rCorr    .         Harm     .   (gloves currently unavailable)
MR       .....     NoTele   +   (boots currently unavailable)
Stlth    ++........             (no amulet)
HPRegen  0.24/turn              (no ring)
MPRegen  0.14/turn              (no ring)

@: tree-form, hasted, very quick
A: distributed training, blurry vision 1, clumsy 1, wild magic 1, strong nose
a: no special abilities


You were on level 4 of the Dungeon.
You were not hungry.
You were a tree.
You visited 1 branch of the dungeon, and saw 4 of its levels.

You collected 156 gold pieces.

Inventory:

Hand Weapons
 a - a +0 falchion (weapon)
 e - a +0 hand axe
 h - a cursed -2 dagger
 j - a +0 dagger
 m - a +2 quarterstaff of chaos
 p - a +0 short sword
 t - a +0 spear
 A - a +0 hunting sling
Missiles
 g - 202 stones (quivered)
 n - 33 bolts
 s - 87 arrows
Armour
 b - a +0 leather armour (melded)
 u - a +0 cloak (melded)
 C - a +0 plate armour
 D - a +0 scale mail
 E - a +2 hat (melded)
Jewellery
 z - a cursed -3 ring of slaying {unknown}
 G - an uncursed ring of stealth {unknown}
Scrolls
 f - a scroll of fear {unknown}
 k - 2 scrolls of magic mapping
 o - a scroll of identify
 q - a scroll of enchant armour {unknown}
 r - 2 scrolls of amnesia {unknown}
 v - a scroll of fog {unknown}
 w - 2 scrolls of noise {unknown}
 y - a scroll of teleportation {unknown}
 B - 2 scrolls of blinking
 F - a scroll of enchant weapon {unknown}
Potions
 l - 4 potions of lignification
Comestibles
 d - 8 rations
 H - a chunk of flesh


   Skills:
 + Level 5.1 Fighting
 + Level 2.2 Short Blades
 + Level 5.1 Long Blades
 + Level 2.2 Axes
 + Level 2.2 Maces & Flails
 + Level 2.2 Polearms
 + Level 2.2 Staves
 + Level 2.2 Slings
 + Level 2.2 Bows
 + Level 2.2 Crossbows
 + Level 2.2 Throwing
 + Level 3.4 Armour
 + Level 5.1 Dodging
 + Level 2.2 Stealth
 + Level 2.2 Shields
 + Level 2.2 Unarmed Combat
 + Level 5.5 Spellcasting
 + Level 1.8 Conjurations
 + Level 1.8 Hexes
 + Level 5.7 Charms
 + Level 1.8 Summonings
 + Level 1.8 Necromancy
 + Level 1.8 Translocations
 + Level 1.8 Transmutations
 + Level 1.8 Fire Magic
 + Level 1.8 Ice Magic
 + Level 1.8 Air Magic
 + Level 1.8 Earth Magic
 + Level 1.8 Poison Magic
 + Level 2.5 Invocations
 + Level 2.2 Evocations


You had 6 spell levels left.
You knew the following spells:

 Your Spells              Type           Power        Failure   Level  Hunger
a - Infusion              Chrm           ####         2%          1    None
b - Song of Slaying       Chrm           ####....     3%          2    #......
c - Shroud of Golubria    Chrm/Tloc      ###.......   7%          2    #......
d - Regeneration          Chrm/Necr      ###.......   13%         3    ##.....
e - Spectral Weapon       Hex/Chrm       ###.....     13%         3    ##.....

Your spell library contained the following spells:

 Spells                   Type           Power        Failure   Level  Hunger


Dungeon Overview and Level Annotations

Branches:
Dungeon (4/15)
 Temple: D:4-7

Altars:
Elyvilon
Fedhas
Gozag
Sif Muna

Annotations:
D:4 Edmund


Innate Abilities, Weirdness & Mutations

Your experience applies equally to all skills.
((You have very sharp teeth.))
Your uncanny sense of smell can sniff out nearby items.
Scrolls take you a little longer to read.
You are clumsy. (Dex -2)
Your spells are a little harder to cast, but a little more powerful.


Message History

The orc priest hits you but does no damage.
The orc hits you but does no damage.
You hit the orc priest but do no damage.
The orc priest mumbles some strange prayers to Beogh against you.
Beogh smites you!
* * * LOW HITPOINT WARNING * * *
You hit the orc priest.
The orc priest is lightly wounded.
The orc hits you but does no damage.
You closely miss the orc priest.
The orc priest is lightly wounded.
The orc priest hits you but does no damage.
The orc wizard hits you but does no damage.
The orc hits you but does no damage.
You hit the orc priest but do no damage.
The orc priest is lightly wounded.
The orc wizard hits you but does no damage.
The orc priest calls down the wrath of Beogh upon you.
Beogh smites you!
You die...

## **.......** **,**,* #
**.....** ****,* #
**oo.** *,* # *#J#* *,*
#### #.# *,* ...#
##)######## *,* ##.#
#...o.o...# *,* #.#
##...#####o# *,*
##.####.....##*#♣#****,*
...............oo......#
.#.#####..######.#######
.#.# #.....,,..# ##.#
##.####*### ,..# #.#
#### #.# ..# #.# #.# #.#


You could see an orc priest, an orc wizard and an orc.

Vanquished Creatures
  Menkaure (D:4)
  A hound (D:4)
  Crazy Yiuf (D:2)
  A centaur skeleton (D:4)
  An orc priest (D:4)
  A bullfrog skeleton (D:4)
  2 worker ants (D:4)
  An orc wizard (D:4)
  7 adders
  3 oozes (D:4)
  4 dart slugs (D:1)
  3 leopard geckos
  4 orcs (D:4)
  8 bats
  6 giant cockroaches
  10 goblins
  7 hobgoblins
  4 jackals
  A quokka (D:2)
  5 ball pythons
  5 frilled lizards
  8 kobolds
  7 rats
91 creatures vanquished.

Notes
Turn   | Place    | Note
-------+----------+-------------------------------------------
     0 | D:1      | Leeroy the Gnoll Skald began the quest for the Orb.
     0 | D:1      | Reached XP level 1. HP: 20/20 MP: 6/6
    97 | D:1      | Reached XP level 2. HP: 23/26 MP: 7/7
   117 | D:1      | Learned a level 2 spell: Song of Slaying
   120 | D:1      | Learned a level 2 spell: Shroud of Golubria
   365 | D:1      | Reached XP level 3. HP: 28/31 MP: 9/9
   399 | D:1      | Reached skill level 5 in Spellcasting
   774 | D:2      | Reached skill level 1 in Invocations
   794 | D:2      | Learned a level 3 spell: Regeneration
   798 | D:2      | Learned a level 3 spell: Spectral Weapon
   844 | D:2      | Found a white marble altar of Elyvilon.
   878 | D:2      | Reached skill level 1 in Short Blades
   878 | D:2      | Reached skill level 1 in Axes
   878 | D:2      | Reached skill level 1 in Maces & Flails
   878 | D:2      | Reached skill level 1 in Polearms
   878 | D:2      | Reached skill level 1 in Staves
   878 | D:2      | Reached skill level 1 in Slings
   878 | D:2      | Reached skill level 1 in Bows
   878 | D:2      | Reached skill level 1 in Crossbows
   878 | D:2      | Reached skill level 1 in Throwing
   878 | D:2      | Reached skill level 1 in Stealth
   878 | D:2      | Reached skill level 1 in Shields
   878 | D:2      | Reached skill level 1 in Unarmed Combat
   878 | D:2      | Reached skill level 1 in Evocations
   878 | D:2      | Reached XP level 4. HP: 17/38 MP: 11/11
  1220 | D:2      | Found a deep blue altar of Sif Muna.
  1349 | D:2      | Found an opulent altar of Gozag.
  1349 | D:2      | Found a blossoming altar of Fedhas.
  1489 | D:2      | Found a runed door.
  1668 | D:2      | Noticed Crazy Yiuf
  1674 | D:2      | Killed Crazy Yiuf
  1674 | D:2      | Reached skill level 1 in Conjurations
  1674 | D:2      | Reached skill level 1 in Hexes
  1674 | D:2      | Reached skill level 1 in Summonings
  1674 | D:2      | Reached skill level 1 in Necromancy
  1674 | D:2      | Reached skill level 1 in Translocations
  1674 | D:2      | Reached skill level 1 in Transmutations
  1674 | D:2      | Reached skill level 1 in Fire Magic
  1674 | D:2      | Reached skill level 1 in Ice Magic
  1674 | D:2      | Reached skill level 1 in Air Magic
  1674 | D:2      | Reached skill level 1 in Earth Magic
  1674 | D:2      | Reached skill level 1 in Poison Magic
  1758 | D:3      | Reached XP level 5. HP: 24/43 MP: 12/12
  2991 | D:4      | Noticed Edmund
  3100 | D:4      | Reached XP level 6. HP: 32/50 MP: 13/13
  3256 | D:4      | Reached skill level 5 in Fighting
  3256 | D:4      | Reached skill level 5 in Long Blades
  3256 | D:4      | Reached skill level 5 in Dodging
  3737 | D:4      | Noticed Menkaure
  3744 | D:4      | Killed Menkaure
  3744 | D:4      | Reached XP level 7. HP: 19/56 MP: 8/15
  4121 | D:4      | HP: 4/84 [orc wizard/+0 dagger (2)]
  4122 | D:4      | Gained mutation: Scrolls take you a little longer to read.
                  | [potion of mutation]
  4122 | D:4      | Gained mutation: You are clumsy. (Dex -2) [potion of
                  | mutation]
  4122 | D:4      | Gained mutation: Your spells are a little harder to cast,
                  | but a little more powerful. [potion of mutation]
  4140 | D:4      | Killed from afar by an orc priest

Vault maps used:
D:1:      saegor_arrival_under_anarchy, serial_bayou_ford_a, minmay_bisected
D:2:      overflow_temple_1_default, elyvilon_altar_4,
          gammafunk_temple_overflow_wave, first_ration,
          guppyfry_early_lair_pool, uniq_crazy_yiuf_cottage
D:3:      serial_co_window_serial, co_window_corner_a, co_window_cross_1,
          co_window_paths_a, co_window_paths_a, co_window_paths_b,
          co_window_corner_ca, co_window_of_opportunity_b, co_window_cross_4,
          co_window_4corner_a, glass_columns_a, glass_columns_b,
          glass_columns_a, glass_columns_c, glass_columns_b, st_stairs_12
D:4:      uniq_edmund, uniq_menkaure

Skill      XL: |  1  2  3  4  5  6 |
---------------+-------------------+-----
Spellcasting   | 5 |  5.5
Invocations    | 1 2 |  2.5
Short Blades   | 1 2 |  2.2
Axes           | 1 2 |  2.2
Maces & Flails | 1 2 |  2.2
Polearms       | 1 2 |  2.2
Staves         | 1 2 |  2.2
Slings         | 1 2 |  2.2
Bows           | 1 2 |  2.2
Crossbows      | 1 2 |  2.2
Throwing       | 1 2 |  2.2
Stealth        | 1 2 |  2.2
Shields        | 1 2 |  2.2
Unarmed Combat | 1 2 |  2.2
Evocations     | 1 2 |  2.2
Conjurations   | 1 |  1.8
Hexes          | 1 |  1.8
Summonings     | 1 |  1.8
Necromancy     | 1 |  1.8
Translocations | 1 |  1.8
Transmutations | 1 |  1.8
Fire Magic     | 1 |  1.8
Ice Magic      | 1 |  1.8
Air Magic      | 1 |  1.8
Earth Magic    | 1 |  1.8
Poison Magic   | 1 |  1.8
Armour         | 3 |  3.4
Fighting       | 5 |  5.1
Long Blades    | 5 |  5.1
Dodging        | 5 |  5.1
Charms         | |  5.7

Action                   |  1- 3 |  4- 6 |  7- 9 || total
-------------------------+-------+-------+-------++-------
Melee: Falchion          |    97 |   178 |    46 ||   321
       Bite              |    12 |    24 |     4 ||    40
       Punch             |     1 |     4 |     3 ||     8
 Cast: Regeneration      |       |     4 |     2 ||     6
       Spectral Weapon   |       |     3 |     1 ||     4
  Use: Scroll            |       |     3 |       ||     3
       Potion            |       |     2 |     4 ||     6
 Stab: Sleeping          |     2 |     1 |       ||     3
  Eat: Chunk             |       |     9 |       ||     9
       Ration            |       |       |     1 ||     1
Armor: Leather armour    |    17 |    56 |     8 ||    81
       Skin              |       |     5 |    44 ||    49
Dodge: Dodged            |    65 |   164 |    34 ||   263
       Rpst.: Falchion   |    18 |    46 |    16 ||    80

Table legend:
 A = Non-vault XP
 B = Vault XP
 C = Vault XP percentage of total XP
 D = Non-vault monster count
 E = Vault monster count
 F = Vault count percentage of total count
                 A         B        C        D         E       F
            +---------+---------+-------+---------+---------+-------
      Total |     510 |     203 |  28.5 |      86 |       5 |   5.5
            +---------+---------+-------+---------+---------+-------
        D:1 |      46 |       3 |   6.1 |      26 |       2 |   7.1
        D:2 |      68 |      41 |  37.6 |      20 |       1 |   4.8
        D:3 |      80 |       2 |   2.4 |      21 |       1 |   4.5
        D:4 |     316 |     157 |  33.2 |      19 |       1 |   5.0
            +---------+---------+-------+---------+---------+-------
